[Event "Titled Tuesday Blitz June 6 Early 2023"]
[White "Fajdetic, Hrvoje"]
[Black "Kleiman, Jake"]
[WhiteFideId "14501945"]
[BlackFideId "2020041"]
[WhiteElo "2185"]
[BlackElo "2671"]
[Result "0-1"]
[Round "1"]
[TimeControl "180+2"]
[Date "2023.06.06"]
[WhiteClock "0:00:07"]
[BlackClock "0:00:48"]
[Board "111"]

1. d4 Nf6 2. Bf4 e6 3. e3 d5 4. Nf3 Bd6 5. Bg3 O-O 6. Bd3 b6 7. Qe2 c5 8. c3 Qc7 9. Ne5 a5 10. Na3 Ba6 11. Nb5 Bxb5 12. Bxb5 Nfd7 13. f4 f6 14. Nxd7 Nxd7 15. O-O f5 16. Bh4 Nf6 17. Bxf6 Rxf6 18. a4 Kh8 19. Rf3 Rg8 20. h4 Qf7 21. Rh3 Rg6 22. Kh2 Rg4 23. g3 Rg6 24. Qh5 Rc8 25. Rg1 cxd4 26. exd4 Bxf4 27. gxf4 Rg2+ 28. Rxg2 Qxh5 29. Be2 Qh6 30. Rg5 Qf6 31. h5 Rf8 32. h6 gxh6 33. Rgh5 Rg8 34. Rxh6 Qg7 35. Rxh7+ Qxh7 36. Rxh7+ Kxh7 37. Bb5 Rg7 38. Be2 Kh6 39. Bf3 Rg6 40. Be2 Kg7 41. Bf3 Kf6 42. Be2 Ke7 43. Bf3 Kd6 44. Be2 Kc6 45. Bf3 b5 46. axb5+ Kxb5 47. Bd1 Kc4 48. Be2+ Kb3 0-1


[Site "https://www.chess.com"]

[Event "Titled Tuesday Blitz June 6 Early 2023"]
[White "Goltsev, Dmitry"]
[Black "Lopez Idarraga, Daniel Eduardo"]
[WhiteFideId "24176710"]
[BlackFideId "4405501"]
[WhiteElo "2356"]
[BlackElo "1980"]
[Result "1/2-1/2"]
[Round "1"]
[TimeControl "180+2"]
[Date "2023.06.06"]
[WhiteClock "0:01:06"]
[BlackClock "0:00:08"]
[Board "112"]

1. e4 c5 2. Nf3 Nc6 3. d4 cxd4 4. Nxd4 Nf6 5. Nc3 g6 6. f4 d6 7. Be2 Bg7 8. Be3 O-O 9. Nb3 e5 10. O-O exf4 11. Bxf4 Re8 12. Qxd6 Qxd6 13. Bxd6 Nxe4 14. Nxe4 Rxe4 15. Bf3 Re6 16. Ba3 b6 17. Rfe1 Rxe1+ 18. Rxe1 Bb7 19. c3 Bf6 20. Rf1 Kg7 21. Bd5 Rd8 22. c4 Rd7 23. g3 Nd4 24. Rxf6 Nxb3 25. Rxf7+ Rxf7 26. Bxf7 Nc1 27. Be6 Nxa2 28. Kf2 Nc1 29. Ke3 Nb3 30. Bd6 Kf6 31. Bd7 Nc5 32. Bg4 h5 33. Bh3 Bc6 34. Bb8 a6 35. Ba7 Nd7 36. Bxd7 Bxd7 37. Bxb6 Ke6 38. Kd4 Kd6 39. Bd8 Kc6 40. Ke5 Bf5 41. Be7 a5 42. Kd4 a4 43. Kc3 Bg4 44. Kd4 Bf5 45. Ke5 Bg4 46. Bb4 Bf5 47. Kf6 Bd3 48. Be7 Bf5 49. Ke5 Bd3 50. Kd4 Bf5 1/2-1/2


[Site "https://www.chess.com"]

[Event "Titled Tuesday Blitz June 6 Early 2023"]
[White "Fernandez Siles, Luis"]
[Black "Shuvalova, Polina"]
[WhiteFideId "2209420"]
[BlackFideId "24171760"]
[WhiteElo "2195"]
[BlackElo "2281"]
[Result "1-0"]
[Round "1"]
[TimeControl "180+2"]
[Date "2023.06.06"]
[WhiteClock "0:00:07"]
[BlackClock "0:00:09"]
[Board "113"]

1. d4 Nf6 2. c4 c5 3. d5 e6 4. Nc3 exd5 5. cxd5 g6 6. e4 d6 7. f4 Bg7 8. Bb5+ Nfd7 9. a4 O-O 10. Nf3 a6 11. Bd3 Re8 12. O-O b6 13. Kh1 Bb7 14. f5 Ne5 15. Nxe5 Bxe5 16. Qf3 Qe7 17. f6 Qd8 18. Bh6 Nd7 19. Bg7 Rc8 20. Nd1 c4 21. Bc2 h5 22. Ne3 Bxb2 23. Rab1 Bd4 24. Qf4 Nf8 25. e5 Rc7 26. Bxf8 Rxe5 27. Be7 Bxe3 28. Qxe5 dxe5 29. Bxd8 Rd7 30. Bxb6 Bg5 31. Bf2 Bxd5 32. Bg3 e4 33. Be5 Bd2 34. Rb8+ Kh7 35. Re8 e3 36. Bd1 c3 37. Re7 Be6 38. Rxe6 fxe6 39. f7 Rxf7 40. Rxf7+ Kh6 41. h4 g5 42. hxg5+ Kxg5 43. Rc7 Kf5 44. Bxc3 Ke4 45. Bxd2 exd2 46. Ra7 Ke3 47. Rxa6 Kf2 48. Rxe6 Kf1 49. Re2 h4 50. Rxd2 h3 51. gxh3 Ke1 52. Rb2 Kf1 53. a5 Ke1 54. a6 Kf1 55. a7 Ke1 56. a8=Q Kf1 57. Qg2+ Ke1 58. Qe2# 1-0


[Site "https://www.chess.com"]

[Event "Titled Tuesday Blitz June 6 Early 2023"]
[White "Domingo Nunez, Ruben"]
[Black "Sovetbekova, Nurai"]
[WhiteFideId "22245570"]
[BlackFideId "13801910"]
[WhiteElo "2404"]
[BlackElo "1857"]
[Result "1-0"]
[Round "1"]
[TimeControl "180+2"]
[Date "2023.06.06"]
[WhiteClock "0:01:06"]
[BlackClock "0:00:01"]
[Board "114"]

1. c4 e6 2. g3 d5 3. Bg2 Nf6 4. Nf3 dxc4 5. Qa4+ Bd7 6. Qxc4 c5 7. a4 Nc6 8. O-O Be7 9. d3 O-O 10. Be3 Rc8 11. Nc3 b6 12. Rfc1 Na5 13. Qa2 Bc6 14. Nb5 Bd5 15. Qb1 Nb3 16. Nxa7 Ra8 17. Nb5 Nxc1 18. Qxc1 Bc6 19. Nc3 Bd6 20. Qc2 Qd7 21. b3 Nd5 22. Ne4 Nb4 23. Qb2 Be7 24. Ne5 Qc8 25. Bd2 Nd5 26. Nc4 Nf6 27. Nxb6 Qb7 28. Nxa8 Nxe4 29. Bxe4 Bxe4 30. dxe4 Rxa8 31. Qc2 Bf6 32. Ra2 Rd8 33. a5 Qa6 34. Qc4 Qa8 35. Be3 Rd1+ 36. Kg2 Bd4 37. Bxd4 Rxd4 38. Qxc5 Rxe4 39. f3 f5 40. a6 f4 41. a7 fxg3 42. hxg3 g5 43. Qxg5+ Kh8 44. Qf6+ Kg8 45. fxe4 Qxe4+ 46. Qf3 1-0


[Site "https://www.chess.com"]

[Event "Titled Tuesday Blitz June 6 Early 2023"]
[White "Mohammed, Zozek Salah Mohammed"]
[Black "Belov, Alexei"]
[WhiteFideId "4803361"]
[BlackFideId "4128206"]
[WhiteElo "2211"]
[BlackElo "2660"]
[Result "1-0"]
[Round "1"]
[TimeControl "180+2"]
[Date "2023.06.06"]
[WhiteClock "0:00:07"]
[BlackClock "0:00:10"]
[Board "115"]

1. d4 e6 2. Nf3 d5 3. g3 Nf6 4. Bg2 Be7 5. O-O O-O 6. c4 dxc4 7. Qc2 a6 8. a4 Bd7 9. Qxc4 Bc6 10. Bg5 Bd5 11. Qc2 Be4 12. Qb3 Nc6 13. Nc3 Bxf3 14. Bxf3 Nxd4 15. Qxb7 Rb8 16. Qxa6 Nxf3+ 17. exf3 Rxb2 18. Rfd1 Qa8 19. Qxa8 Rxa8 20. Nb5 Bc5 21. Be3 Bb6 22. Bd4 Bxd4 23. Nxd4 Nd5 24. a5 g6 25. Rdc1 Rb4 26. Nc6 Rb5 27. a6 Rb6 28. a7 Kf8 29. Ra5 Ke8 30. f4 f6 31. Nd4 Kd7 32. Re1 Nb4 33. Rd1 Nd5 34. Re1 Nb4 35. Rd1 Nd5 36. Nxe6 Kxe6 37. Rdxd5 Rb7 38. f5+ gxf5 39. Rxf5 Raxa7 40. Rac5 Rb6 41. Rh5 c6 42. h4 Rab7 43. Kg2 Rb5 44. Rxc6+ Kd7 45. Rxb5 Rxb5 46. Rxf6 Ke7 47. Rh6 Kf8 48. Rxh7 Kg8 49. Ra7 Rc5 50. g4 Rd5 51. h5 Rd4 52. Kg3 Rd3+ 53. f3 Rd1 54. g5 Rd4 55. f4 Rd1 56. Kg4 Rg1+ 57. Kf5 Rb1 58. h6 Rb5+ 59. Kg4 Rb4 60. g6 Rb8 61. Kg5 Rf8 62. f5 1-0


[Site "https://www.chess.com"]

[Event "Titled Tuesday Blitz June 6 Early 2023"]
[White "Chen, Justin"]
[Black "Mejia, Cherry Ann"]
[WhiteFideId "2098199"]
[BlackFideId "5206880"]
[WhiteElo "2289"]
[BlackElo "2007"]
[Result "1/2-1/2"]
[Round "1"]
[TimeControl "180+2"]
[Date "2023.06.06"]
[WhiteClock "0:00:08"]
[BlackClock "0:00:06"]
[Board "116"]

1. c4 e5 2. Nc3 Nc6 3. Nf3 g6 4. d4 exd4 5. Nxd4 Bg7 6. Nxc6 dxc6 7. Qxd8+ Kxd8 8. Bg5+ Ne7 9. O-O-O+ Ke8 10. Kc2 Be6 11. e4 h6 12. Be3 f5 13. Bd3 Kf7 14. Rhe1 Rad8 15. f3 Rhe8 16. Bc5 fxe4 17. Bxe4 Nf5 18. Bxf5 Bxf5+ 19. Kb3 Rxd1 20. Rxd1 b6 21. Bd4 Rd8 22. Bxg7 Rxd1 23. Nxd1 Kxg7 24. Kc3 Kf6 25. c5 Ke5 26. b4 Be6 27. a3 bxc5 28. bxc5 Kd5 29. Nf2 Kxc5 30. Nd3+ Kd6 31. Kd4 g5 32. g3 Bf5 33. Nc5 h5 34. f4 gxf4 35. gxf4 h4 36. Nb7+ Kd7 37. Ke5 Bg4 38. Nc5+ Ke7 39. f5 Kf7 40. Ne6 Be2 41. Nd4 Bb5 42. Ne6 a5 43. f6 a4 44. Nxc7 Bc4 45. Na8 c5 46. Nb6 Bb3 47. Nd7 c4 48. Nc5 c3 49. Nd3 c2 50. Nc1 Bc4 51. Kd4 Bb3 52. Ke5 h3 53. Kf5 Bc4 54. Ke5 Kg6 55. Kd4 Bb3 56. Ke5 Kg5 57. Ne2 Kg6 58. Nf4+ Kf7 59. Nd3 Bc4 60. Nc1 Kg6 61. Kd4 Bf7 62. Kc3 Kxf6 63. Kxc2 Ke5 64. Kd3 Kf4 65. Ke2 Ke4 66. Kf2 Kd4 67. Ne2+ Kc4 68. Kg3 Be6 69. Nf4 Bd7 70. Nxh3 Kb3 71. Nf2 Kxa3 72. Nd3 Ka2 73. Nc5 Bc6 74. Nxa4 Bxa4 75. h4 Bc2 76. Kf4 Kb2 77. Kg5 Kc3 78. h5 Kd4 79. h6 Ke5 80. Kh5 Kf6 81. Kg4 Kg6 82. h7 Kxh7 1/2-1/2


[Site "https://www.chess.com"]

[Event "Titled Tuesday Blitz June 6 Early 2023"]
[White "Manon-og, Ramon Jr."]
[Black "Souleidis, Georgios"]
[WhiteFideId "5200776"]
[BlackFideId "4206827"]
[WhiteElo "2364"]
[BlackElo "2401"]
[Result "0-1"]
[Round "1"]
[TimeControl "180+2"]
[Date "2023.06.06"]
[WhiteClock "0:00:31"]
[BlackClock "0:00:06"]
[Board "117"]

1. e4 c5 2. Nf3 e6 3. g3 Nc6 4. Bg2 Nf6 5. Nc3 d5 6. exd5 exd5 7. d4 cxd4 8. Nxd4 Bc5 9. Qe2+ Qe7 10. Qxe7+ Kxe7 11. Nb3 Bb4 12. Bd2 Be6 13. O-O-O Rhd8 14. Rhe1 h6 15. Nb5 Rac8 16. Kb1 Bxd2 17. Rxd2 Kf8 18. Nc5 a6 19. Na3 Bf5 20. Nxb7 Re8 21. Red1 Re6 22. Nc5 Rd6 23. Nxa6 Ra8 24. Nc5 Nb4 25. Nd3 Nxd3 26. cxd3 g5 27. Nb5 Rd7 28. Nc3 Rb8 29. Ka1 d4 30. Ne4 Nd5 31. Nc5 Rdd8 32. Bxd5 Rxd5 33. Ne4 Rdb5 34. Nd6 Rd5 35. Nxf5 Rxf5 36. Re2 Rc5 37. Re4 Rc2 38. Rb1 Rxf2 39. Rxd4 Rxh2 40. Rd7 Kg7 41. Ra7 h5 42. b4 h4 43. b5 hxg3 44. Rc7 g2 45. Rcc1 f5 46. b6 f4 47. b7 f3 48. a4 f2 49. a5 f1=Q 50. Rxf1 gxf1=Q 51. Rxf1 Rxb7 52. Rf5 Kg6 53. Rc5 Rf7 54. a6 Rf1+ 55. Rc1 Rxc1# 0-1


[Site "https://www.chess.com"]

[Event "Titled Tuesday Blitz June 6 Early 2023"]
[White "Korchmar, Vasiliy"]
[Black "Hoffmann, Asa"]
[WhiteFideId "24131750"]
[BlackFideId "2001470"]
[WhiteElo "2370"]
[BlackElo "2117"]
[Result "1-0"]
[Round "1"]
[TimeControl "180+2"]
[Date "2023.06.06"]
[WhiteClock "0:00:12"]
[BlackClock "0:00:24"]
[Board "118"]

1. e4 d6 2. d4 Nf6 3. Nc3 c6 4. g3 e5 5. Nge2 Qc7 6. Bg2 Be7 7. O-O b5 8. a3 a6 9. h3 Bb7 10. Be3 Nbd7 11. g4 O-O 12. Ng3 g6 13. g5 Ne8 14. f4 exf4 15. Bxf4 Ng7 16. h4 Ne6 17. Be3 Nb6 18. b3 c5 19. d5 Nd4 20. Nce2 Nxe2+ 21. Qxe2 Rae8 22. Rf2 Nd7 23. Raf1 Ne5 24. h5 Bc8 25. Nf5 gxf5 26. exf5 f6 27. g6 Kh8 28. Be4 Rg8 29. Rg2 Bf8 30. h6 Bxf5 31. g7+ Bxg7 32. hxg7+ Rxg7 33. Bxf5 Reg8 34. Rf2 c4 35. b4 c3 36. Qh5 Rxg2+ 37. Rxg2 Rxg2+ 38. Kxg2 Qe7 39. Bd4 Kg8 40. Bxc3 Kf8 41. Qxh7 Qg7+ 42. Qxg7+ Kxg7 43. Bxe5 fxe5 44. Kf3 Kf6 45. Bc8 1-0


[Site "https://www.chess.com"]

[Event "Titled Tuesday Blitz June 6 Early 2023"]
[White "Goswami, Vedant"]
[Black "Bodi, Tibor"]
[WhiteFideId "5003725"]
[BlackFideId "701084"]
[WhiteElo "2011"]
[BlackElo "2187"]
[Result "0-1"]
[Round "1"]
[TimeControl "180+2"]
[Date "2023.06.06"]
[WhiteClock "0:01:46"]
[BlackClock "0:02:50"]
[Board "119"]

1. d4 Nf6 2. Nc3 d5 3. Bg5 Bf5 4. e3 e6 5. Bd3 Bg6 6. Nf3 Nbd7 7. Ne5 Bb4 8. Nxg6 hxg6 9. a3 Bxc3+ 10. bxc3 c5 11. h3 Qa5 12. Qd2 c4 13. Be2 Ne4 0-1


[Site "https://www.chess.com"]

[Event "Titled Tuesday Blitz June 6 Early 2023"]
[White "Jeet, Jain"]
[Black "Polanco Nunez, Yoel Estarling"]
[WhiteFideId "5073022"]
[BlackFideId "6401783"]
[WhiteElo "2067"]
[BlackElo "2132"]
[Result "1-0"]
[Round "1"]
[TimeControl "180+2"]
[Date "2023.06.06"]
[WhiteClock "0:01:15"]
[BlackClock "0:00:54"]
[Board "120"]

1. d4 Nf6 2. Nf3 d5 3. e3 Bf5 4. Be2 e6 5. O-O h6 6. b3 Bd6 7. c4 O-O 8. Nc3 c6 9. Ne5 Nbd7 10. f4 Ne4 11. Bb2 Nxc3 12. Bxc3 Nf6 13. g4 Be4 14. Be1 Nd7 15. Bg3 Nxe5 16. fxe5 Be7 17. Bd3 Bg5 18. Qe2 Bxd3 19. Qxd3 Rc8 20. Kg2 c5 21. Rh1 dxc4 22. bxc4 cxd4 23. exd4 b5 24. cxb5 Qd5+ 25. Kh3 Rc4 26. Rhd1 Rfc8 27. a4 Rc3 28. Qe2 Rc2 29. Qf1 Qe4 30. Ra3 g6 31. Qf3 Qd5 32. Qxd5 exd5 33. Rb1 Rc1 34. Rxc1 Rxc1 35. a5 Rb1 36. b6 axb6 37. a6 1-0


[Site "https://www.chess.com"]

[Event "Titled Tuesday Blitz June 6 Early 2023"]
[White "Shtompel, Yuriy"]
[Black "Fiorito, Joaquin"]
[WhiteFideId "14168278"]
[BlackFideId "180173"]
[WhiteElo "1844"]
[BlackElo "2199"]
[Result "0-1"]
[Round "1"]
[TimeControl "180+2"]
[Date "2023.06.06"]
[WhiteClock "0:00:17"]
[BlackClock "0:00:15"]
[Board "121"]

1. Nf3 d5 2. g3 Nf6 3. Bg2 Bf5 4. O-O e6 5. d3 Nc6 6. Nbd2 a5 7. Re1 Bc5 8. h3 O-O 9. c3 h6 10. Qa4 Bh7 11. a3 e5 12. e4 dxe4 13. dxe4 Qe7 14. Qb5 Rfb8 15. a4 Na7 16. Qe2 b5 17. axb5 Nxb5 18. Nh4 Nd6 19. Nf5 Qd7 20. Nxd6 cxd6 21. Nc4 a4 22. Rd1 Qb5 23. Kf1 Rd8 24. g4 Qb7 25. g5 Bxe4 26. f3 Nh5 27. Ke1 Bc6 28. Be3 Bxe3 29. Qxe3 Nf4 30. Bf1 Qe7 31. gxh6 Qh4+ 32. Kd2 Qxh6 33. Kc2 Rab8 34. Bd3 Bb5 35. Rg1 Qf6 36. Rad1 g6 37. h4 Rbc8 38. Na3 Bxd3+ 39. Rxd3 Nxd3 40. Qxd3 d5 41. h5 Kg7 42. hxg6 fxg6 43. Nb5 e4 44. fxe4 Qf2+ 45. Kb1 Qxg1+ 46. Ka2 Qc5 47. exd5 Qc4+ 48. Qxc4 Rxc4 49. d6 Rc5 50. c4 Rxb5 51. cxb5 Rxd6 52. Ka3 g5 53. Kxa4 g4 54. Ka5 g3 55. b6 g2 56. b7 Rd8 57. Kb6 g1=Q+ 58. Kc7 Rf8 59. b8=Q Rxb8 60. Kxb8 Qb6+ 61. Kc8 Qxb2 62. Kc7 Qd4 63. Kc6 Qe5 64. Kb7 Qd6 65. Kc8 Qe7 66. Kb8 Kf6 67. Ka8 Ke6 68. Kb8 Kd6 69. Kc8 Qc7# 0-1


[Site "https://www.chess.com"]

[Event "Titled Tuesday Blitz June 6 Early 2023"]
[White "Hua, Lefong"]
[Black "Jodorcovsky Werjivker, Paulo"]
[WhiteFideId "2602253"]
[BlackFideId "3700305"]
[WhiteElo "2642"]
[BlackElo "2120"]
[Result "1-0"]
[Round "1"]
[TimeControl "180+2"]
[Date "2023.06.06"]
[WhiteClock "0:00:27"]
[BlackClock "0:00:14"]
[Board "122"]

1. d4 f5 2. Nc3 Nf6 3. Bg5 e6 4. e4 fxe4 5. Nxe4 Be7 6. Bxf6 Bxf6 7. Qh5+ g6 8. Qh6 Kf7 9. Nxf6 Qxf6 10. Nf3 d6 11. Bd3 Nc6 12. c3 Ne7 13. O-O-O Ng8 14. Qe3 h6 15. h4 Ne7 16. g4 Nd5 17. Qe4 Qf4+ 18. Kc2 Qxe4 19. Bxe4 Nf6 20. Bd3 Nxg4 21. Rhg1 e5 22. dxe5 Nxe5 23. Nxe5+ dxe5 24. Rxg6 Be6 25. Re1 Rad8 26. Rxe5 Rxd3 27. Rexe6 Rf3 28. Rxh6 Rxh6 29. Rxh6 Rxf2+ 30. Kb3 Kg7 31. Rh5 Rf4 32. Rd5 Rf7 33. h5 Kh6 34. a4 Rf6 35. Re5 Rb6+ 36. Kc2 Rf6 37. b4 a6 38. Kb3 b6 39. a5 bxa5 40. Rxa5 Rb6 41. Rc5 Rd6 42. Ka4 Rb6 43. Ka5 Rb7 1-0


[Site "https://www.chess.com"]

[Event "Titled Tuesday Blitz June 6 Early 2023"]
[White "Da Silva, Lindolfo Luiz"]
[Black "Gubajdullin, Alexei"]
[WhiteFideId "2106558"]
[BlackFideId "4141202"]
[WhiteElo "2349"]
[BlackElo "2279"]
[Result "1-0"]
[Round "1"]
[TimeControl "180+2"]
[Date "2023.06.06"]
[WhiteClock "0:00:28"]
[BlackClock "0:00:01"]
[Board "123"]

1. d4 g6 2. g3 Bg7 3. Bg2 Nf6 4. Nf3 O-O 5. O-O d6 6. c4 Nc6 7. Nc3 a6 8. b3 Rb8 9. Nd5 e6 10. Nxf6+ Bxf6 11. Bh6 Re8 12. Rc1 d5 13. Qd2 dxc4 14. Rxc4 Bd7 15. Rfc1 Rc8 16. Bg5 Bxg5 17. Qxg5 Qxg5 18. Nxg5 Red8 19. e3 Be8 20. Ne4 Kg7 21. Nc5 b5 22. R4c3 Nb4 23. Ra1 a5 24. a3 Nd5 25. Rc2 b4 26. Nb7 Rd7 27. Nxa5 bxa3 28. Bxd5 Rxd5 29. Rxa3 Rb5 30. Rc5 Rcb8 31. Rxc7 Ra8 32. Rc5 Rb6 33. Kf1 Bb5+ 34. Ke1 Bd3 35. Kd2 Be4 36. Ke2 h5 37. f3 Bf5 38. e4 Bh3 39. Rc3 Rb4 40. Ke3 Rb6 41. Nc4 Rxa3 42. Nxa3 Ra6 43. b4 Rb6 44. b5 g5 45. Rc6 Rb8 46. b6 Bf1 47. d5 exd5 48. exd5 h4 49. gxh4 gxh4 50. Kd4 h3 51. d6 Ba6 52. Nc4 Kf8 53. Ne5 Ke8 54. Kc5 Rd8 55. Rc7 f6 56. Re7+ Kf8 57. Nd7+ Kg8 58. Nxf6+ Kf8 59. b7 Bxb7 60. Rxb7 Rxd6 61. Nh7+ 1-0


[Site "https://www.chess.com"]

[Event "Titled Tuesday Blitz June 6 Early 2023"]
[White "Domingo Nunez, Alejandro"]
[Black "Zenin, Dmitry"]
[WhiteFideId "22245561"]
[BlackFideId "4127897"]
[WhiteElo "2291"]
[BlackElo "2215"]
[Result "0-1"]
[Round "1"]
[TimeControl "180+2"]
[Date "2023.06.06"]
[WhiteClock "0:01:10"]
[BlackClock "0:01:59"]
[Board "124"]

1. e4 e5 2. Nf3 Nc6 3. Bc4 Bc5 4. c3 Nf6 5. d3 a6 6. O-O Ba7 7. Re1 O-O 8. h3 d6 9. Bb3 h6 10. Nbd2 Re8 11. Nf1 d5 12. exd5 Nxd5 13. Ng3 Nf6 14. Qe2 Be6 15. Bc2 Bd5 16. Ne4 Nxe4 17. dxe4 Be6 18. Bd2 Qf6 19. Nh2 Rad8 20. Nf1 Qg6 21. Ng3 Qxg3 22. Kf1 Qh2 0-1


[Site "https://www.chess.com"]

[Event "Titled Tuesday Blitz June 6 Early 2023"]
[White "Llanos, Guillermo"]
[Black "Sadykov, Ramil"]
[WhiteFideId "100358"]
[BlackFideId "24113590"]
[WhiteElo "2210"]
[BlackElo "2245"]
[Result "0-1"]
[Round "1"]
[TimeControl "180+2"]
[Date "2023.06.06"]
[WhiteClock "0:00:01"]
[BlackClock "0:00:24"]
[Board "125"]

1. Nf3 c5 2. g3 Nc6 3. Bg2 e5 4. O-O d5 5. d3 f6 6. c4 Nge7 7. cxd5 Nxd5 8. Nc3 Be6 9. Nxd5 Bxd5 10. Be3 Qd7 11. Nd2 Be7 12. Bxd5 Qxd5 13. a4 Rc8 14. a5 Kf7 15. f4 exf4 16. Rxf4 Rhe8 17. Rc4 Ne5 18. Re4 f5 19. Rea4 Bf6 20. Bf2 Ng4 21. Nc4 Nxf2 22. Kxf2 Bd4+ 23. e3 Bf6 24. Qe2 Rc6 25. Rd1 Rce6 26. Qf3 Qd7 27. Ra3 g6 28. Re1 Kg8 29. Rb3 R8e7 30. Kg2 h5 31. Re2 Kh7 32. h3 Bg5 33. g4 fxg4 34. hxg4 Rf6 35. Qg3 hxg4 36. e4 Rf3 37. Qh2+ Kg7 38. Ne5 Qe6 39. Nxf3 gxf3+ 40. Kxf3 Qxb3 41. Kg4 Bh6 42. Qd6 Qe6+ 43. Qxe6 Rxe6 44. Rc2 Be3 45. Kf3 Bd4 46. Rc4 Ra6 47. b4 Rc6 48. b5 Rf6+ 49. Kg4 Kf7 0-1


[Site "https://www.chess.com"]

[Event "Titled Tuesday Blitz June 6 Early 2023"]
[White "Goroshkov, Maksym"]
[Black "Bogaudinov, Rushan"]
[WhiteFideId "14142716"]
[BlackFideId "4129288"]
[WhiteElo "2322"]
[BlackElo "1967"]
[Result "1-0"]
[Round "1"]
[TimeControl "180+2"]
[Date "2023.06.06"]
[WhiteClock "0:01:40"]
[BlackClock "0:00:13"]
[Board "126"]

1. e4 c5 2. d4 cxd4 3. c3 d3 4. Bxd3 Nc6 5. Nf3 d6 6. O-O Nf6 7. Na3 e6 8. Qe2 Be7 9. Rd1 Qc7 10. Bf4 a6 11. e5 dxe5 12. Nxe5 Nxe5 13. Bxe5 Qc6 14. Nb5 O-O 15. Nd4 Qe8 16. a4 Nd7 17. Bg3 Nc5 18. Bc2 a5 19. b4 axb4 20. cxb4 Na6 21. b5 Nb4 22. Be4 Nd5 23. Bxd5 exd5 24. Re1 Be6 25. Nxe6 Bf6 26. Nxf8 Qxe2 27. Rxe2 Bxa1 28. Nd7 h5 29. Nb6 Rd8 30. Bc7 Rf8 31. Nxd5 f6 32. a5 Kh7 33. a6 bxa6 34. bxa6 Ra8 35. Ra2 Bd4 36. g3 Kg6 37. Bb6 Be5 38. a7 Kf7 39. Nc7 Bxc7 40. Bxc7 Ke6 41. Bb8 1-0


[Site "https://www.chess.com"]

[Event "Titled Tuesday Blitz June 6 Early 2023"]
[White "Senft, Sean"]
[Black "Melikyan, Gnel"]
[WhiteFideId "2044960"]
[BlackFideId "54109990"]
[WhiteElo "1989"]
[BlackElo "2138"]
[Result "0-1"]
[Round "1"]
[TimeControl "180+2"]
[Date "2023.06.06"]
[WhiteClock "0:02:14"]
[BlackClock "0:01:33"]
[Board "127"]

1. d4 Nf6 2. c4 g6 3. Nc3 Bg7 4. e4 d6 5. f4 O-O 6. Nf3 c5 7. d5 e6 8. Be2 exd5 9. exd5 Re8 10. O-O Ne4 11. Nxe4 Rxe4 12. Bd3 Re8 13. f5 Nd7 14. Bg5 Qb6 15. Qd2 Qxb2 16. Qf4 Ne5 17. Nxe5 Bxe5 18. Qh4 Qd4+ 19. Qxd4 Bxd4+ 20. Kh1 Bxa1 21. Rxa1 Bxf5 22. Bxf5 gxf5 23. h3 Kg7 24. a4 Re4 25. a5 Rxc4 26. Be7 Rd4 27. Bxd6 Rxd5 28. Bf4 Re8 29. Rb1 Re4 30. Bg3 f4 31. Bh4 f3 32. Bg3 fxg2+ 33. Kxg2 Rb4 0-1


[Site "https://www.chess.com"]

[Event "Titled Tuesday Blitz June 6 Early 2023"]
[White "Vlassov, Nikolai"]
[Black "Gabdushev, Ruslan"]
[WhiteFideId "4103360"]
[BlackFideId "4137833"]
[WhiteElo "2324"]
[BlackElo "2233"]
[Result "1-0"]
[Round "1"]
[TimeControl "180+2"]
[Date "2023.06.06"]
[WhiteClock "0:00:05"]
[BlackClock "0:00:02"]
[Board "128"]

1. e4 Nc6 2. d4 d5 3. Nc3 e5 4. dxe5 d4 5. Nd5 Be6 6. Nf4 Nxe5 7. Nxe6 fxe6 8. Qh5+ Nf7 9. Qb5+ c6 10. Qxb7 Rc8 11. Nf3 Bc5 12. Bc4 Qd7 13. Qb3 Nd8 14. Ng5 Ke7 15. O-O Nf6 16. e5 Nd5 17. Ne4 Bb6 18. Bg5+ Kf8 19. Nd6 Rb8 20. Rad1 h6 21. Bxd8 Qxd8 22. Rd3 Bc7 23. Rf3+ Kg8 24. Qd3 Bxd6 25. exd6 Qxd6 26. Re1 h5 27. Qe4 Rh6 28. Qxd4 a5 29. Rg3 Rb7 30. c3 h4 31. Rg4 h3 32. g3 c5 33. Qe4 Rxb2 34. Rg6 Rxg6 35. Qxg6 Nc7 36. Bd3 Qf8 37. Qh7+ Kf7 38. Qxh3 Ke7 39. Qh4+ Kd6 40. Re2 Rxe2 41. Bxe2 Qf5 42. Qg4 Qb1+ 43. Kg2 Qxa2 44. Qf4+ Kd7 45. Qf7+ Kd6 46. Qxg7 a4 47. Bf3 a3 48. Qf8+ Kd7 49. Qxc5 Qb2 50. Qc6+ Kd8 51. Qd6+ Kc8 52. Qf8+ Kd7 53. Qf7+ Kd6 54. Qf8+ Kd7 55. Qg7+ Kd6 56. Qd4+ Ke7 57. Qc5+ Kd7 58. Bc6+ Kc8 59. Qf8+ Ne8 60. Qxe8+ Kc7 61. Qd7+ Kb6 62. Qb7+ Kc5 63. Qc7 Qxc3 64. Bd7+ Kd4 65. Qxc3+ Kxc3 66. Bxe6 1-0


[Site "https://www.chess.com"]

[Event "Titled Tuesday Blitz June 6 Early 2023"]
[White "Peatman, Carter"]
[Black "Mendez Fortes, Eduardo Jesus"]
[WhiteFideId "2096480"]
[BlackFideId "3502376"]
[WhiteElo "2003"]
[BlackElo "2307"]
[Result "1/2-1/2"]
[Round "1"]
[TimeControl "180+2"]
[Date "2023.06.06"]
[WhiteClock "0:00:06"]
[BlackClock "0:01:48"]
[Board "129"]

1. d4 Nf6 2. Bf4 d5 3. e3 c5 4. c3 Nc6 5. Nd2 Qb6 6. Qb3 c4 7. Qc2 Bg4 8. e4 e6 9. Be2 Bxe2 10. Nxe2 Nxe4 11. Nxe4 dxe4 12. O-O Be7 13. Ng3 f5 14. f3 exf3 15. Rxf3 e5 16. Be3 f4 17. Nf5 fxe3 18. Nxe7 Nxe7 19. Qa4+ Qc6 20. Qa5 exd4 21. cxd4 Qd5 22. Qb4 Nf5 23. Raf1 e2 24. R1f2 Nxd4 25. Re3+ Kd7 26. Qe7+ Kc6 27. Rf7 Kb6 28. Qc7+ Ka6 29. Ra3+ Kb5 30. Qa5+ Kc6 31. Qc7+ Kb5 32. Qa5+ Kc6 33. Qc7+ Kb5 1/2-1/2


[Site "https://www.chess.com"]

[Event "Titled Tuesday Blitz June 6 Early 2023"]
[White "Manukyan, Sargis A."]
[Black "Mihailidis, Anastasios"]
[WhiteFideId "13303970"]
[BlackFideId "4205588"]
[WhiteElo "2187"]
[BlackElo "2312"]
[Result "0-1"]
[Round "1"]
[TimeControl "180+2"]
[Date "2023.06.06"]
[WhiteClock "0:00:18"]
[BlackClock "0:01:13"]
[Board "130"]

1. d4 d5 2. c4 e6 3. Nc3 Nf6 4. Nf3 Be7 5. Bg5 h6 6. Bf4 O-O 7. e3 Nbd7 8. cxd5 Nxd5 9. Nxd5 exd5 10. Bd3 c6 11. O-O Nf6 12. Qc2 Bd6 13. Ne5 Qc7 14. h3 Nd7 15. Nxd7 Bxd7 16. Bxd6 Qxd6 17. Rab1 a5 18. a3 Rfe8 19. b4 b5 20. Rfc1 axb4 21. axb4 Ra3 22. Bf5 Bxf5 23. Qxf5 Rea8 24. g4 g6 25. Qc2 R8a6 26. Kg2 Qf6 27. Rb3 Ra2 28. Rb2 R2a3 29. Qd2 Qe6 30. Rbc2 Qe4+ 31. Kg3 Qe6 32. Rc3 Rxc3 33. Qxc3 Qd6+ 34. Kg2 Kg7 35. Qc5 Qxc5 36. Rxc5 Kf6 37. Rc1 Ke6 38. Kg3 Kd6 39. h4 Ra2 40. f3 Rb2 41. e4 dxe4 42. fxe4 Rxb4 43. Rd1 Rc4 44. Kf4 b4 45. h5 b3 46. Rb1 Rc3 47. g5 hxg5+ 48. Kxg5 gxh5 49. Kxh5 Re3 50. Kg5 Rxe4 51. Rxb3 Rxd4 52. Rf3 c5 53. Rxf7 c4 54. Rf8 Kd5 55. Kf5 c3 56. Rd8+ Kc4 57. Ra8 c2 58. Ke5 Rd1 59. Rc8+ Kd3 60. Rd8+ Ke2 61. Re8 c1=Q 62. Kf5+ Kf3 63. Rf8 Qf4+ 64. Kg6 Qxf8 65. Kh7 Qf6 66. Kg8 Rd8+ 67. Kh7 Rh8# 0-1


[Site "https://www.chess.com"]